 Dungeon Crawl Stone Soup version 0.29.0-4-gdea44cf6ec (webtiles) character file.

Game seed: 1458483728517443962

538 qw the Chopper (level 7, 0/43 HPs)
             Began as a Gargoyle Fighter on Sept 9, 2022.
             Slain by Menkaure (12 damage)
             ... on level 4 of the Dungeon.
             The game lasted 00:01:21 (3682 turns).

qw the Chopper (Gargoyle Fighter)                   Turns: 3682, Time: 00:01:21

Health: 0/43       AC: 15    Str: 25    XL:     7   Next: 26%
Magic:  7/7        EV: 10    Int:  9    God:
Gold:   302        SH:  4    Dex:  9    Spells: 6/6 levels left

rFire   + + .      SeeInvis .   Y - +0 war axe
rCold   . . .      Faith    .   c - +0 buckler
rNeg    + . .      Spirit   .   g - +5 ring mail of the Watermelon {rF+ Str+4 Stlth+}
rPois   inf        Reflect  .   (no helmet)
rElec   +          Harm     .   (no cloak)
rCorr   .          Rampage  .   (no gloves)
Will    .....                   (no boots)
Stlth   +.........              (no amulet)
HPRegen 0.14/turn               e - ring of protection from fire
MPRegen 0.10/turn               (no ring)

@: no status effects
A: sickness immunity, AC +4, negative energy resistance 1, electricity
resistance, torment resistance 1, petrification resistance
a: no special abilities


You were on level 4 of the Dungeon.
You visited 1 branch of the dungeon, and saw 4 of its levels.

You collected 302 gold pieces.


Innate Abilities, Weirdness & Mutations

You are immune to sickness and miasma.
Your stone body is resilient. (AC +4)
You are immune to poison.
You resist negative energy. (rN+)
You are resistant to electric shocks. (rElec)
You are resistant to unholy torment.
You are immune to petrification.


   Skills:
 - Level 4.0 Fighting
 + Level 6.6 Axes
 - Level 3.2 Armour
 - Level 1.0 Dodging
 - Level 3.2 Shields


You had 6 spell levels left.
You didn't know any spells.
Your spell library was empty.

Inventory:

Hand Weapons
 h - a +1 mace of protection
 Y - a +0 war axe (weapon)
Missiles
 f - a boomerang (quivered)
Armour
 c - a +0 buckler (worn)
 g - the +5 ring mail of the Watermelon (worn) {rF+ Str+4 Stlth+}
   (You found it on level 2 of the Dungeon)

   Str:       It affects your strength (+4).
   rF:        It protects you from fire.
   Stlth:     It makes you more stealthy.
 m - a +0 plate armour
Jewellery
 e - a ring of protection from fire (left hand)
Scrolls
 b - 2 scrolls of enchant armour
 i - a scroll of teleportation
 j - a scroll of identify
Potions
 a - a potion of magic {unknown}
 d - 2 potions of might
 k - a potion of curing {unknown}
 l - 3 potions of cancellation

Dungeon Overview and Level Annotations

Branches:
Dungeon (4/15)
 Temple: D:4-7

Altars:
Gozag
Ru

Annotations:
D:4 1 runed translucent door, Crazy Yiuf, Menkaure


Message History

Menkaure gestures wildly while chanting.
Menkaure seems to speed up.
The orc hits you but does no damage. The orc barely misses you.
You closely miss the orc.
The orc is moderately wounded.
Menkaure blazes with dark energy!
You block the orc's attack. The orc closely misses you.
You block Menkaure's attack.
You hit the orc.
The orc is severely wounded.
You slash Menkaure!
You block the orc's attack. x2; Menkaure hits you.
The orc hits you but does no damage. The orc barely misses you.
You hit the orc.
You kill the orc!
You barely miss Menkaure. Menkaure hits you!
The orc wizard gestures wildly while chanting.
The orc wizard flickers and vanishes!
Deactivating autopickup; reactivate with Ctrl-A.
The orc throws a stone.
The stone hits you but does no damage. Menkaure closely misses you.
You hit Menkaure.
Menkaure is heavily damaged.
Menkaure closely misses you.
The orc throws a stone.
The stone barely misses you.
You closely miss Menkaure.
Menkaure is heavily damaged.
Menkaure hits you but does no damage. The orc hits you but does no damage.
Menkaure murmurs, "It doesn't hurt if you pull your brain out of your nose yourself."
Menkaure calls on the powers of darkness!
Your body is wracked with pain!
Something is bathed in an unholy light!
The orc convulses!
You hit Menkaure but do no damage.
Menkaure is heavily damaged.
You slash something! Something hits you but does no damage.
The orc completely misses you.
A gnoll comes into view. It is wielding a +0 club.
Menkaure hits you!
You die...

.......>..####...)....
.........###.(.g.....##
..###......+...........
..# ###+#.##...........
..## #.............
...### #............ .
.....# #.##.....##. ...
.....# ....#.....##.....
.....####..#####@)......
##...+ ....# #M)..#+##
%....###...# #..o.....
.......#...# #........
...#.#.#...# #........
...#.#.#...# #....#'##
...#.#.#...# #....#.#
####.#.#<..# ###### #
#.#...#.#


You could see Menkaure (fast), a gnoll (wandering) and an orc.

Vanquished Creatures
  Grinder (D:3)
  A necrophage (D:4)
  An orc priest (D:3)
  A hound (D:3)
  Jessica (D:3)
  3 iguanas
  An orc wizard (D:3)
  An adder (D:2)
  A dart slug (D:1)
  10 orcs
  3 bats (D:1)
  7 endoplasms
  2 giant cockroaches
  7 goblins
  6 hobgoblins
  6 jackals
  3 quokkas
  7 ball pythons
  7 frilled lizards
  6 kobolds
  5 rats
80 creatures vanquished.

Notes
Turn   | Place    | Note
-------+----------+-------------------------------------------
     0 | D:1      | qw the Gargoyle Fighter began the quest for the Orb.
     0 | D:1      | Reached XP level 1. HP: 14/14 MP: 1/1
     0 | D:1      | 0 ||| qw: Version: 0.1-a-113-g051387a
     0 | D:1      | 0 ||| qw: Game counter: 7068
     0 | D:1      | 0 ||| qw: Always use a shield: true
     0 | D:1      | 0 ||| qw: God list: Okawaru
     0 | D:1      | 0 ||| qw: Allow faded altars: false
     0 | D:1      | 0 ||| qw: Do Orc after D:15 true
     0 | D:1      | 0 ||| qw: Do second Lair branch before Depths: true
     0 | D:1      | 0 ||| qw: Lair rune preference: random
     0 | D:1      | 0 ||| qw: Plans: Normal, Zot, God:TSO, Crypt, Tomb, Zig,
                  | Orb
     0 | D:1      | 0 ||| PLANNING D:1-11
   113 | D:1      | Reached skill level 2 in Axes
   230 | D:1      | Reached XP level 2. HP: 15/19 MP: 2/2
   553 | D:1      | 553 ||| Stepping ~*~*~tactically~*~*~ (stealth).
   557 | D:1      | 557 ||| Stepping ~*~*~tactically~*~*~ (stealth).
   561 | D:1      | 561 ||| Stepping ~*~*~tactically~*~*~ (stealth).
   564 | D:1      | 564 ||| Stepping ~*~*~tactically~*~*~ (stealth).
   773 | D:1      | Reached skill level 3 in Axes
   827 | D:1      | 827 ||| Stepping ~*~*~tactically~*~*~ (stealth).
   829 | D:1      | 829 ||| Stepping ~*~*~tactically~*~*~ (hiding).
   834 | D:1      | Reached XP level 3. HP: 23/23 MP: 3/3
  1220 | D:1      | 1220 ||| UPGRADING to ring of protection from fire.
  1221 | D:1      | 1221 ||| READING scroll labelled OBI WAOBIGONK.
  1222 | D:1      | 1222 ||| READING scroll labelled PIOBORGHULY.
  1606 | D:2      | HP: 2/23 [iguana (7)]
  1614 | D:2      | Reached XP level 4. HP: 3/28 MP: 4/4
  1953 | D:2      | Reached skill level 4 in Axes
  2040 | D:2      | Identified the +5 ring mail of the Watermelon {rF+ Str+4
                  | Stlth+}
  2294 | D:2      | 2294 ||| UPGRADING to +5 ring mail of the Watermelon {rF+
                  | Str+4 Stlth+}.
  2304 | D:2      | 2304 ||| DROPPING +0 scale mail.
  2305 | D:2      | 2305 ||| READING scroll labelled VACHENW KUAHID.
  2308 | D:2      | 2308 ||| READING scroll labelled QODUKA MUWU.
  2335 | D:3      | 2335 ||| Stepping ~*~*~tactically~*~*~ (stealth).
  2357 | D:3      | Reached XP level 5. HP: 30/32 MP: 5/5
  2417 | D:3      | 2417 ||| Stepping ~*~*~tactically~*~*~ (stealth).
  2590 | D:3      | Noticed Grinder
  2596 | D:3      | Paralysed by Grinder for 2 turns
  2601 | D:3      | Paralysed by Grinder for 2 turns
  2607 | D:3      | Killed Grinder
  2608 | D:3      | Reached skill level 6 in Axes
  2608 | D:3      | Reached XP level 6. HP: 31/37 MP: 6/6
  2707 | D:3      | Found a faded altar of an unknown god.
  2725 | D:3      | Found an opulent altar of Gozag.
  2793 | D:3      | 2793 ||| Stepping ~*~*~tactically~*~*~ (stealth).
  2794 | D:3      | 2794 ||| READING scroll labelled BUNUEX IQAGAT.
  2800 | D:3      | Found a sacrificial altar of Ru.
  2874 | D:3      | 2874 ||| Stepping ~*~*~tactically~*~*~ (stealth).
  2875 | D:3      | 2875 ||| Stepping ~*~*~tactically~*~*~ (stealth).
  2876 | D:3      | 2876 ||| Stepping ~*~*~tactically~*~*~ (stealth).
  2895 | D:3      | Noticed Jessica
  2896 | D:3      | 2896 ||| Stepping ~*~*~tactically~*~*~ (hiding).
  3028 | D:3      | 3028 ||| Stepping ~*~*~tactically~*~*~ (hiding).
  3033 | D:3      | Reached skill level 1 in Dodging
  3229 | D:3      | 3229 ||| Stepping ~*~*~tactically~*~*~ (hiding).
  3230 | D:3      | 3230 ||| Stepping ~*~*~tactically~*~*~ (hiding).
  3235 | D:3      | Killed Jessica
  3263 | D:3      | Identified the +5 sling of Interdependent Arising {speed,
                  | Int+2}
  3393 | D:3      | 3393 ||| READING 2 scrolls labelled TENNEPE XOSIVI.
  3394 | D:3      | 3394 ||| DRINKING 2 dark potions.
  3403 | D:4      | 3403 ||| PLANNING SEWER
  3441 | D:4      | Reached XP level 7. HP: 35/43 MP: 7/7
  3517 | D:4      | 3517 ||| Stepping ~*~*~tactically~*~*~ (stealth).
  3569 | D:4      | Found a runed translucent door.
  3570 | D:4      | Noticed Crazy Yiuf
  3668 | D:4      | 3668 ||| Stepping ~*~*~tactically~*~*~ (stealth).
  3670 | D:4      | Noticed Menkaure
  3682 | D:4      | Slain by Menkaure

Levels and vault maps discovered:
D:1:      minmay_arrival_four_circles, layout_loops_corners,
          hangedman_abyss_or_decor_lesser_grid
D:2:      layout_loops_ring
D:3:      layout_loops_cross, amcnicky_altar_gilded, general_overflow_altar,
          dreamdust_ecumenical_altar_angels_and_demons, uniq_grinder,
          uniq_jessica
D:4:      layout_basic, nicolae_ashenzari_panopticon, lemuel_tele_altar,
          gup_sewer_entry_bowl, minmay_ruptured, uniq_crazy_yiuf_cottage,
          uniq_natasha, uniq_menkaure

Skill      XL: |  1  2  3  4  5  6 |
---------------+-------------------+-----
Axes           | 2 3 4 6 |  6.6
Dodging        | 1 |  1.0
Fighting       | 4 |  4.0
Armour         | |  3.2
Shields        | |  3.2

Action                   |  1- 3 |  4- 6 |  7- 9 || total
-------------------------+-------+-------+-------++-------
Melee: War axe           |    91 |    90 |    24 ||   205
Throw: Boomerang         |    11 |    30 |     5 ||    46
  Use: Scroll            |     2 |     4 |       ||     6
       Potion            |       |     1 |       ||     1
Armor: Scale mail        |    30 |    10 |       ||    40
       Ring mail         |       |    34 |    15 ||    49
Dodge: Dodged            |    36 |    45 |    23 ||   104
Block: Buckler           |     9 |     6 |     6 ||    21

Table legend:
 A = Non-vault XP
 B = Vault XP
 C = Vault XP percentage of total XP
 D = Non-vault monster count
 E = Vault monster count
 F = Vault count percentage of total count
                 A         B        C        D         E       F
            +---------+---------+-------+---------+---------+-------
      Total |     460 |     309 |  40.2 |      78 |       2 |   2.5
            +---------+---------+-------+---------+---------+-------
        D:1 |      38 |       0 |   0.0 |      22 |       0 |   0.0
        D:2 |      80 |       0 |   0.0 |      22 |       0 |   0.0
        D:3 |     166 |     309 |  65.1 |      25 |       2 |   7.4
        D:4 |     176 |       0 |   0.0 |       9 |       0 |   0.0
            +---------+---------+-------+---------+---------+-------
